 Dungeon Crawl Stone Soup version 0.28-a0-1080-g05a166d0ed (webtiles) character file.

Game seed: 7396176943350513012

4 ytrimaz the Vexing (level 1, 0/7 HPs)
             Began as a Felid Enchanter on Dec 9, 2021.
             Slain by a jackal (1 damage)
             ... on level 1 of the Dungeon.
             The game lasted 00:00:21 (170 turns).

ytrimaz the Vexing (Felid Enchanter)                 Turns: 170, Time: 00:00:21

Health: 0/7        AC:  1    Str:  4    XL:     1   Next: 50%
Magic:  4/4        EV: 17    Int: 16    God:
Gold:   0          SH:  0    Dex: 16    Spells: 4/4 levels left
                                        Lives:  0   Deaths: 0

rFire   . . .      SeeInvis +     - Unarmed
rCold   . . .      Faith    .   (shield unavailable)
rNeg    . . .      Spirit   .   (armour unavailable)
rPois   .          Reflect  .   (helmet unavailable)
rElec   .          Harm     .   (cloak unavailable)
rCorr   .          Rampage  .   (gloves unavailable)
Will    .....                   (boots unavailable)
Stlth   +++.......              (no amulet)
HPRegen 0.02/turn               (no ring)
MPRegen 0.09/turn               (no ring)

@: quick
A: very small, claws 1, fangs 3, see invisible, speed 1, shaggy fur 1, stealthy
paws, no weapons or thrown items, no armour, multi-lived
a: no special abilities


You were on level 1 of the Dungeon.
You visited 1 branch of the dungeon, and saw 1 of its levels.

Inventory:

Potions
 a - a potion of invisibility
 b - a potion of flight {unknown}


   Skills:
 * Level 2.8 Dodging
 + Level 4.1 Stealth
 - Level 1.0 Unarmed Combat
 * Level 2.1 Spellcasting
 + Level 4.5 Hexes


You had 4 spell levels left.
You didn't know any spells.
Your spell library contained the following spells:

 Spells                   Type           Power      Damage    Failure   Level
 Confusing Touch          Hex            16%        N/A       10%         3
 Tukima's Dance           Hex            16%        N/A       10%         3
 Ensorcelled Hibernation  Hex/Ice        16%        N/A       12%         2
 Dazzling Flash           Conj/Hex       16%        N/A       24%         3


Dungeon Overview and Level Annotations

Branches:
Dungeon (1/15)

Altars:


Innate Abilities, Weirdness & Mutations

You have sharp claws.
You have razor-sharp teeth.
You have supernaturally acute eyesight. (SInv)
You cover ground quickly. (Speed+)
You are covered in fur. (AC +1)
Your paws help you pounce on unaware monsters.
You are incapable of wielding weapons or throwing items.
You cannot wear armour.
You gain extra lives every three experience levels.


Message History

There is a stone staircase leading down here.
You see here a +0 cloak.
A jackal comes into view.
A jackal and an endoplasm come into view.
The endoplasm quivers.
The jackal barks!
The jackal moves out of view.
The jackal bites you but does no damage.
You barely miss the endoplasm.
The jackal barks!
The jackal closely misses you. The endoplasm misses you.
The jackal closely misses you.
Unknown command.
You scratch the endoplasm.
The endoplasm is severely wounded.
The endoplasm hits you but does no damage.
You scratch the endoplasm. You bite the endoplasm.
You kill the endoplasm!
You barely miss the jackal. The jackal misses you.
You scratch the jackal.
The jackal is severely wounded.
The jackal bites you.
You scratch the jackal.
You kill the jackal!
The jackal bites you.
* * * LOW HITPOINT WARNING * * *
You closely miss the jackal. The jackal misses you.
Unknown command.
You scratch the jackal. You bite the jackal, but do no damage.
The jackal is heavily wounded.
The jackal bites you but does no damage.
The jackal barely misses you.
You closely miss the jackal.
The jackal is heavily wounded.
The jackal bites you.
* * * LOW HITPOINT WARNING * * *
You scratch the jackal.
The jackal is severely wounded.
The jackal closely misses you. The jackal bites you.
You die...

#...#... #.#
...#...#.# ...
..........##.###.#
###.....#.........
#.....##.###.##
###.......# #
#.....#.## .#
#.....#.h# .#
#######.@###..#
##.....#
#############
#..####
............## #..##
#####'#####..# #.[.#
####...#####.####..#
##.......###..# #..#
#.........#...#
##.##
+....<....+...#
#..##


You could see a jackal.

Vanquished Creatures
  A bat (D:1)
  An endoplasm (D:1)
  A jackal (D:1)
3 creatures vanquished.

Notes
Turn   | Place    | Note
-------+----------+-------------------------------------------
     0 | D:1      | ytrimaz the Felid Enchanter began the quest for the Orb.
     0 | D:1      | Reached XP level 1. HP: 7/7 MP: 4/4
   170 | D:1      | Slain by a jackal

Illustrated notes

Levels and vault maps discovered:
D:1:      dpeg_arrival_three_smaller_balls, layout_basic,
          dreamdust_ecumenical_altar_statues, minmay_door_square,
          nicolae_concentric_dashed_squares_mild

Action                   || total
-------------------------++-------
Melee: Unarmed           ||    12
       Bite              ||     2
Armor: Skin              ||     3
Dodge: Dodged            ||     8

Table legend: (Time is in decaauts)
 A = Elapsed time spent in this place.
 B = Non-inter-level travel time spent in this place.
 C = Inter-level travel time spent in this place.
 D = Time resting spent in this place.
 E = Time spent auto-exploring this place.
 F = Levels seen in this place.
 G = Mean time per level.
                   A        B        C        D        E       F      G
               +--------+--------+--------+--------+--------+-----+--------+
         Total |    145 |    145 |      0 |      0 |    118 |   1 |  145.0 |
       Dungeon |    145 |    145 |      0 |      0 |    118 |   1 |  145.0 |
               +--------+--------+--------+--------+--------+-----+--------+

Top non-repeatable levels by time:
     D:1: 145 daAuts
